 Dungeon Crawl Stone Soup version 0.31-a0-188-g5e087ee2ca (webtiles) character file.

Game seed: 12866524978351230968

68 qw the Shooter (level 4, 0/25 HPs)
             Began as a Deep Elf Hunter on June 22, 2023.
             Slain by Terence
             ... wielding a +2 flail of protection
              (2 damage)
             ... on level 3 of the Dungeon.
             The game lasted 00:00:30 (1437 turns).

qw the Shooter (Deep Elf Hunter)                    Turns: 1437, Time: 00:00:31

Health: 0/25       AC:  3    Str: 10    XL:     4   Next: 1%
Magic:  6/6        EV: 17    Int: 14    God:
Gold:   168        SH:  0    Dex: 18    Spells: 3/3 levels left

rFire   . . .        Y - +0 shortbow
rCold   . . .        (shield currently unavailable)
rNeg    + . .        c - +0 leather armour
rPois   .            (no helmet)
rElec   .            (no cloak)
rCorr   .            (no gloves)
SInv    .            (no boots)
Will    .....        (no amulet)
Stlth   ++           g - +5 ring of evasion
HPRegen 0.24/turn    b - ring of positive energy
MPRegen 0.10/turn

%: no passive effects
@: no status effects
A: no striking features
a: no special abilities


You were on level 3 of the Dungeon.
You visited 1 branch of the dungeon, and saw 3 of its levels.

You collected 168 gold pieces.


   Skills:
 - Level 1.5 Fighting
 + Level 7.4 Ranged Weapons
 - Level 2.4 Dodging
 - Level 1.2 Stealth


You had 3 spell levels left.
You didn't know any spells.
Your spell library was empty.

Inventory:

Hand Weapons
 Y - a +0 shortbow (weapon)
Armour
 c - a +0 leather armour (worn)
 l - a +0 ring mail
Jewellery
 b - a ring of positive energy (right hand)
 g - a +5 ring of evasion (left hand)
 j - a +6 ring of strength
Scrolls
 f - a scroll of teleportation
 k - a scroll of poison {unknown}
Potions
 a - a potion of curing
 d - a potion of attraction {unknown}
 e - a potion of heal wounds {unknown}
 h - a potion of brilliance {unknown}
 i - a potion of mutation {unknown}

Dungeon Overview and Level Annotations

Branches:
Dungeon (3/15)

Altars:

Annotations:
D:3 Terence


Message History

Terence is lightly wounded.
You shoot an arrow. The arrow closely misses Terence.
You shoot an arrow.
The arrow hits Terence but does no damage.
Terence is lightly wounded.
Terence barely misses you.
Terence hits you with a +2 flail of protection!
You shoot an arrow. The arrow closely misses Terence.
Terence hits you with a +2 flail of protection!
You shoot an arrow. The arrow completely misses Terence.
Terence misses you.
You shoot an arrow. The arrow closely misses Terence.
Terence barely misses you.
You shoot an arrow. The arrow closely misses Terence.
Terence completely misses you.
You shoot an arrow.
The arrow hits Terence but does no damage.
Terence is lightly wounded.
Terence completely misses you.
You shoot an arrow. The arrow barely misses Terence.
Terence closely misses you.
You shoot an arrow.
The arrow hits Terence but does no damage.
Terence is lightly wounded.
Terence looks scornfully at you. Terence closely misses you.
You shoot an arrow. The arrow barely misses Terence.
Terence closely misses you.
You shoot an arrow. The arrow barely misses Terence.
Terence misses you.
You shoot an arrow.
The arrow hits Terence but does no damage.
Terence is lightly wounded.
Terence hits you but does no damage.
You shoot an arrow.
The arrow hits Terence but does no damage.
Terence is lightly wounded.
Terence hits you with a +2 flail of protection!
Terence hits you with a +2 flail of protection.
You die...

#........>.....[.#
#.#######.########
#.......#
#.####### #.# #.#
#.# #.# #@#
#.@.....#
......#.. ######.#
#


You could see Terence.

Vanquished Creatures
  2 adders (D:2)
  An orc (D:3)
  9 ball pythons
  4 endoplasms
  3 giant cockroaches (D:1)
  A goblin (D:3)
  4 hobgoblins
  4 jackals (D:3)
  3 quokkas
  6 bats
  A frilled lizard (D:2)
  3 kobolds
  3 rats
44 creatures vanquished.

Notes
Turn   | Place    | Note
-------+----------+-------------------------------------------
     0 | D:1      | qw the Deep Elf Hunter began the quest for the Orb.
     0 | D:1      | Reached XP level 1. HP: 12/12 MP: 3/3
     0 | D:1      | 0 ||| qw: Version: 0.3-a-9-g12657ce
     0 | D:1      | 0 ||| qw: Game counter: 2998
     0 | D:1      | 0 ||| qw: Always use a shield: true
     0 | D:1      | 0 ||| qw: God list: Okawaru
     0 | D:1      | 0 ||| qw: Allow faded altars: false
     0 | D:1      | 0 ||| qw: Do Orc after D:15 true
     0 | D:1      | 0 ||| qw: Do second Lair branch before Depths: true
     0 | D:1      | 0 ||| qw: Lair rune preference: random
     0 | D:1      | 0 ||| qw: Plans: Normal
     0 | D:1      | 0 ||| PLANNING D:1-11
   153 | D:1      | Reached XP level 2. HP: 16/16 MP: 4/4
   218 | D:1      | Reached skill level 6 in Ranged Weapons
   915 | D:1      | 915 ||| UPGRADING to +5 ring of evasion.
   916 | D:1      | 916 ||| READING scroll labelled OGAYSAO CASU.
   919 | D:1      | 919 ||| DROPPING scroll of butterflies.
   989 | D:2      | Reached XP level 3. HP: 20/20 MP: 5/5
  1088 | D:2      | Reached skill level 7 in Ranged Weapons
  1228 | D:2      | 1228 ||| UPGRADING to ring of positive energy.
  1229 | D:2      | 1229 ||| READING scroll labelled XURRE GISHROEWU.
  1230 | D:2      | 1230 ||| DRINKING 2 golden potions.
  1392 | D:3      | Reached XP level 4. HP: 25/25 MP: 6/6
  1423 | D:3      | Noticed Terence
  1437 | D:3      | HP: 2/25 [Terence/+2 flail of protection (7)]
  1437 | D:3      | Slain by Terence

Levels and vault maps discovered:
D:1:      tarquinn_simple_flora_water_e, layout_basic
D:2:      layout_rooms, minmay_misc_feat_rows, minmay_pentomino_v2
D:3:      layout_basic, dreamdust_princess_corridor, uniq_terence, uniq_sigmund

Skill      XL: |  1  2  3 |
---------------+----------+-----
Ranged Weapons | 6 7 |  7.4
Fighting       | |  1.5
Dodging        | |  2.4
Stealth        | |  1.2

Action                     |  1- 3 |  4- 6 || total
---------------------------+-------+-------++-------
   Fire: Shortbow          |   103 |    14 ||   117
    Use: Scroll            |     2 |       ||     2
         Potion            |     1 |       ||     1
 Armour: Leather armour    |     4 |     1 ||     5
  Dodge: Dodged            |    12 |     9 ||    21

Table legend:
 A = Non-vault XP
 B = Vault XP
 C = Vault XP percentage of total XP
 D = Non-vault monster count
 E = Vault monster count
 F = Vault count percentage of total count
                 A         B        C        D         E       F
            +---------+---------+-------+---------+---------+-------
      Total |      82 |      16 |  16.3 |      42 |       2 |   4.5
            +---------+---------+-------+---------+---------+-------
        D:1 |      32 |       0 |   0.0 |      19 |       0 |   0.0
        D:2 |      35 |      16 |  31.4 |      15 |       2 |  11.8
        D:3 |      15 |       0 |   0.0 |       8 |       0 |   0.0
            +---------+---------+-------+---------+---------+-------
